 Dungeon Sprint DCSS version 0.21.0-3-g78d12a8 (webtiles) character file.

4369372 wojtek the Axe Maniac (level 22, 217/233 HPs)
             Began as a Minotaur Berserker on Jan 12, 2018.
             Was the Champion of Trog.
             Escaped with the Orb
             ... and 3 runes!
             The game lasted 01:09:57 (15222 turns).

wojtek the Axe Maniac (Minotaur Berserker)         Turns: 15222, Time: 01:09:57

Health: 217/233    AC: 34    Str: 28    XL:     22   Next: 21%
Magic:  12/12      EV: 25    Int: 11    God:    Trog [******]
Gold:   181        SH:  0    Dex: 21    Spells: 21/21 levels left

rFire    + + +     SeeInvis +   x - +4 executioner's axe (antimagic)
rCold    + + .     Gourm    .   (shield currently unavailable)
rNeg     + . .     Faith    .   p - +7 gold dragon scales
rPois    +         Spirit   .   a - -2 hat of the Alchemist {rElec rPois rF+ rC+ rN+ MR+ rMut rCorr}
rElec    +         Reflect  .   (no cloak)
rCorr    +         Harm     .   J - +1 pair of gloves
rMut     +         NoTele   +   (no boots)
MR       ++...                  D - amulet "Pewatan" {rF+ Regen+ Str-2 Int+9}
Stlth    +.........             Z - ring of Ruttavon {rElec Slay+5}
HPRegen  0.88/turn              W - ring of Roix {rF+ Dex+9 SInv}
MPRegen  0.13/turn

@: no status effects
A: retaliatory headbutt, horns 2, deterioration 1, dopey 1, MP-powered wands
0: Orb of Zot
}: 3/15 runes: silver, golden, iron
a: Berserk, Trog's Hand, Brothers in Arms, Burn Spellbooks, Renounce Religion


You escaped.
You worshipped Trog.
Trog was exalted by your worship.
You were not hungry.

You visited 1 branch You collected 181 gold pieces.

Inventory:

Hand Weapons
 b - a +4 executioner's axe of draining
 n - a +2 vampiric executioner's axe
 r - a +6 executioner's axe of electrocution
 v - a +2 vampiric battleaxe
 x - a +4 antimagic executioner's axe (weapon)
 y - the +2 battleaxe "Dragonbane" {freeze, +Blink rN++ Str+4}
   (Trog gifted it to you in the Dungeon)

   It has been specially enchanted to freeze those struck by it, causing extra
   injury to most foes and up to half again as much damage against particularly
   susceptible opponents.
   It can also slow down cold-blooded creatures.
   It affects your strength (+4).
   It greatly protects you from negative energy.
   It lets you blink.
 C - the +9 hand axe "Worm" {venom, +Fly rF+ rC+}
   (You found it in the Dungeon)

   It poisons the flesh of those it strikes.
   It protects you from fire.
   It protects you from cold.
   It lets you fly.
 M - the +8 battleaxe of Trog's Scorn {freeze, rC+ Int+4 Dex+4}
   (Trog gifted it to you in the Dungeon)

   It has been specially enchanted to freeze those struck by it, causing extra
   injury to most foes and up to half again as much damage against particularly
   susceptible opponents.
   It can also slow down cold-blooded creatures.
   It affects your intelligence (+4).
   It affects your dexterity (+4).
   It protects you from cold.
Missiles
 u - 18 poisoned javelins (quivered)
Armour
 a - the -2 hat of the Alchemist (worn) {rElec rPois rF+ rC+ rN+ MR+ rMut rCorr}
   (You found it in the Dungeon)

   It protects you from fire.
   It protects you from cold.
   It insulates you from electricity.
   It protects you from poison.
   It protects you from negative energy.
   It affects your resistance to hostile enchantments.
   It protects you from acid and corrosion.
   It protects you from mutation.
 p - +7 gold dragon scales (worn)
 J - a +1 pair of gloves (worn)
Jewellery
 j - the ring "Otideap" {+Blink Str+6 Int+3 Stlth+}
   (You found it in the Dungeon)

   [ring of strength]

   It affects your strength (+6).
   It affects your intelligence (+3).
   It lets you blink.
   It makes you more stealthy.
 w - the ring of Phasing {EV+8}
   (You took it off a fire giant in the Dungeon)

   [ring of evasion]

   It affects your evasion (+8).
 z - the ring "Vutal" {rC+ rN+}
   (You found it in the Dungeon)

   [ring of protection from cold]

   It protects you from cold.
   It protects you from negative energy.
 B - the amulet "Noreap" {Gourm rElec rF- SInv Stlth+}
   (You found it in the Dungeon)

   [amulet of the gourmand]

   It allows you to eat raw meat even when not hungry.
   It makes you vulnerable to fire.
   It insulates you from electricity.
   It lets you see invisible.
   It makes you more stealthy.
 D - the amulet "Pewatan" (around neck) {rF+ Regen+ Str-2 Int+9}
   (You found it in the Dungeon)

   [amulet of regeneration]

   It affects your strength (-2).
   It affects your intelligence (+9).
   It protects you from fire.
   It increases your rate of regeneration.
 P - a +6 ring of protection
 Q - the ring of Azxeif {Fire rElec rN++ Str-2}
   (You found it in the Dungeon)

   [ring of fire]

   It enhances your fire magic.
   It affects your strength (-2).
   It protects you from fire.
   It makes you vulnerable to cold.
   It insulates you from electricity.
   It greatly protects you from negative energy.
 S - a +6 ring of protection
 T - the ring "Lebrulowk" {rPois MR+ Dex+2}
   (You found it in the Dungeon)

   [ring of protection from magic]

   It affects your dexterity (+2).
   It protects you from poison.
   It affects your resistance to hostile enchantments.
 U - the ring of Wuwirak {rElec rN+ Stlth+}
   (You found it in the Dungeon)

   [ring of positive energy]

   It insulates you from electricity.
   It protects you from negative energy.
   It makes you more stealthy.
 V - the ring "Baomnenn" {*Drain MR+ Str+4 Dex+7}
   (You found it in the Dungeon)

   [ring of protection from magic]

   It affects your strength (+4).
   It affects your dexterity (+7).
   It affects your resistance to hostile enchantments.
   It causes draining when unequipped.
 W - the ring of Roix (right hand) {rF+ Dex+9 SInv}
   (You found it in the Dungeon)

   [ring of see invisible]

   It affects your dexterity (+9).
   It protects you from fire.
   It lets you see invisible.
 X - the ring of Vithref {rElec MR+ Str+4}
   (You found it in the Dungeon)

   [ring of protection from magic]

   It affects your strength (+4).
   It insulates you from electricity.
   It affects your resistance to hostile enchantments.
 Z - the ring of Ruttavon (left hand) {rElec Slay+5}
   (You found it in the Dungeon)

   [ring of slaying]

   It affects your accuracy and damage with ranged weapons and melee attacks
   (+5).
   It insulates you from electricity.
Wands
 A - a wand of polymorph (11)
 I - a wand of iceblast (4)
 N - a wand of paralysis (30)
 R - a wand of enslavement (14)
Scrolls
 i - a scroll of blinking
 l - 7 scrolls of remove curse
 m - a scroll of summoning
 E - a scroll of enchant weapon
 F - 4 scrolls of fear
 L - 2 scrolls of fog
 O - 7 scrolls of identify
Potions
 d - 9 potions of curing
 e - 14 potions of heal wounds
 f - 9 potions of haste
 g - 4 potions of magic
 h - 7 potions of berserk rage
 k - 3 potions of invisibility
 s - 2 potions of flight
 t - 8 potions of might
 G - 2 potions of agility
 H - 4 potions of mutation
 Y - a potion of cancellation {unknown}
Books
 o - a book of the Sky

   Spells                             Type                      Level
   a - Summon Lightning Spire         Summoning/Air                4
   b - Silence                        Hexes/Air                    5
   c - Deflect Missiles               Charms/Air                   6
   d - Conjure Ball Lightning         Conjuration/Air              6
   e - Tornado                        Air                          9
   Trog disapproves of the use of such an item.
Comestibles
 c - a ration


   Skills:
 O Level 27 Fighting
 O Level 27 Axes
 O Level 27 Throwing
 O Level 27 Armour
 O Level 27 Dodging
 O Level 27 Stealth
 O Level 27 Unarmed Combat
 O Level 27 Evocations


You had 21 spell levels left.
You didn't know any spells.

Dungeon Overview and Level Annotations

Branches:
Dungeon (1/1)

Altars:


Innate Abilities, Weirdness & Mutations

You reflexively headbutt those who attack you in melee.
You have a pair of horns on your head.
Your body sometimes deteriorates upon taking damage.
You are dopey. (Int -2)
You expend magic power (3 MP) to strengthen your wands.


Message History

The azure jelly jiggles.
The azure jelly completely misses you. You furiously retaliate!
You headbutt the azure jelly, but do no damage.
The azure jelly completely misses you.
The azure jelly hits you but does no damage.
The azure jelly closely misses you.
You closely miss the azure jelly. You headbutt the azure jelly!!
The azure jelly is severely wounded.
The azure jelly jiggles.
The azure jelly completely misses you. You furiously retaliate!
You headbutt the azure jelly! The azure jelly completely misses you.
The azure jelly hits you but does no damage.
The azure jelly completely misses you.
You cut the azure jelly into ribbons!!!
You kill the azure jelly!
Trog accepts your kill.
You see here the cursed +1 plate armour of the Devil's Team {MR+ Str-3 Int+3 Dex+2}.
u - 18 poisoned javelins (gained 7)
There is a staircase leading out of the dungeon, spattered with blood here.
You have escaped!

#.# #(#
#######################)#
()....................)(#
((()))(.................#
######''##############..#
#.#........#.#(#.#[[[#..#
#.#.#....#.#.#(#[#[#[#..#
#........J...#(#@#[[[#..#
#.#.#....#.#.#(#[##.##..#
#............#'#'#[)[#..#
#.#.#....#.#.#...#.#[#..#
.............J...#[[[#..#
#.#.#....#.#.#.#.###+#).#
#...#....#...#...)...#).#
######################''#
#### #################''#


There were no monsters in sight!

Vanquished Creatures
  Cerebov (D)
  Ereshkigal (D)
  the Serpent of Hell (D)
  Mara (D)
  Mennas (D)
  2 ancient liches (D)
  6 orbs of fire (D)
  Boris (D)
  2 greater mummies (D)
  Margery (D)
  Frederick (D)
  A curse toe (D)
  4 Killer Klowns (D)
  Geryon (D)
  4 pearl dragons (D)
  3 golden dragons (D)
  Xtahua (D)
  A profane servitor (D)
  A bone dragon (D)
  A Tzitzimitl (D)
  7 pandemonium lords (D)
  3 electric golems (D)
  A hellephant (D)
  A deep elf blademaster (D)
  16 titans (D)
  5 Hell Sentinels (D)
  A quicksilver dragon (D)
  3 Ice Fiends (D)
  An acid blob (D)
  24 Orb Guardians (D)
  Murray (D)
  6 liches (D)
  4 deep elf master archers (D)
  An Executioner (D)
  2 death cobs (D)
  A sphinx (D)
  A shadow dragon (D)
  A daeva (D)
  12 fire giants (D)
  A draconian knight (D)
  3 azure jellies (D)
  10 frost giants (D)
  A cacodemon (D)
  2 orc warlords (D)
  Louise (D)
  An emperor scorpion (D)
  A balrug (D)
  A draconian shifter (D)
  A draconian stormcaller (D)
  A reaper (D)
  3 draconian annihilators (D)
  A green draconian (D)
  4 ghouls (D)
  8 stone giants (D)
  A deep elf demonologist (D)
  2 vampire knights (D)
  A purple draconian (D)
  Azrael (D)
  A yellow draconian (D)
  2 deep elf annihilators (D)
  A white draconian (D)
  2 dire elephants (D)
  5 ettins (D)
  A green death (D)
  3 deep elf death magi (D)
  A death ooze (D)
  2 vault guards (D)
  4 blizzard demons (D)
  A fire dragon (D)
  2 deep elf high priests (D)
  3 ice dragons (D)
  3 hell beasts (D)
  A great orb of eyes (D)
  A spriggan air mage (D)
  An alligator (D)
  2 anacondas (D)
  3 centaur warriors (D)
  A catoblepas (D)
  A death yak (D)
  9 vampire magi (D)
  A soul eater (D)
  2 hell knights (D)
  3 skeletal warriors (D)
  An iron troll (D)
  A deep troll (shapeshifter) (D)
  A wizard (D)
  10 flayed ghosts (D)
  A large abomination (D)
  2 necromancers (D)
  2 phantasmal warriors (D)
  12 orc knights (D)
  15 cyclopes (D)
  An orc sorcerer (D)
  A deep elf mage (D)
  A manticore (D)
  A salamander (D)
  An eye of devastation (D)
  A guardian serpent (shapeshifter) (D)
  5 naga magi (D)
  3 spiny frogs (D)
  2 hellions (D)
  2 freezing wraiths (D)
  A komodo dragon (D)
  2 hellwings (D)
  A red devil (D)
  A merfolk (D)
  4 trolls (D)
  3 hornets (D)
  A jumping spider (D)
  A polar bear (D)
  7 blink frogs (D)
  A bog body (D)
  A spriggan (D)
  A redback (D)
  6 vampires (D)
  A fire elemental (D)
  A chaos spawn (D)
  2 golden eyes (D)
  A steam dragon (D)
  Menkaure (D)
  An acid dragon (D)
  2 insubstantial wisps (D)
  Edmund (D)
  A porcupine (D)
  3 hell hounds (D)
  8 orc warriors (D)
  An eye of draining (D)
  2 ogres (D)
  2 bullfrogs (D)
  2 earth elementals (D)
  An orc wizard (D)
  2 orc priests (D)
  2 river rats (D)
  A white imp (D)
  5 adder zombies (D)
  2 adder simulacra (D)
  An adder skeleton (D)
  A leopard gecko (D)
  12 orcs (D)
  2 bat skeletons (D)
  2 bat zombies (D)
  A giant cockroach (D)
  3 goblins (D)
  A hobgoblin (D)
  A kobold (D)
  A bat (D)
  A bat simulacrum (D)
  5 frilled lizards (D)
  A jackal simulacrum (D)
  A jackal skeleton (D)
  2 jackal zombies (D)
  A leopard gecko simulacrum (D)
  2 leopard gecko zombies (D)
  A quokka zombie (D)
  3 rats (D)
  2 crawling corpses (D)
  A fire vortex (D)
406 creatures vanquished.

Vanquished Creatures (collateral kills)
  3 ancient liches (D)
  2 curse toes (D)
  A bone dragon (D)
  A lich (D)
  2 Brimstone Fiends (D)
  2 Orb Guardians (D)
  5 titans (D)
  An Executioner (D)
  A sphinx (D)
  A shadow dragon (D)
  A nagaraja (D)
  A daeva (D)
  6 frost giants (D)
  4 fire giants (D)
  An emperor scorpion (D)
  2 orc warlords (D)
  A ghost moth (D)
  A ghoul (D)
  A reaper (D)
  3 stone giants (D)
  An apis (D)
  A yellow draconian (D)
  A black draconian (D)
  2 purple draconians (D)
  A white draconian (D)
  A deep elf annihilator (D)
  6 ettins (D)
  A blizzard demon (D)
  An eidolon (D)
  A green death (D)
  A deep elf high priest (D)
  A deep elf death mage (D)
  A mummy priest (D)
  2 vault guards (D)
  An ice dragon (D)
  4 naga warriors (D)
  A hell beast (D)
  2 dancing weapons (D)
  A death yak (D)
  A vampire mage (D)
  An orc high priest (D)
  A hell knight (D)
  A spriggan berserker (D)
  Nergalle (D)
  A fire crab (D)
  A flayed ghost (D)
  A wizard (D)
  A naga ritualist (D)
  4 orc knights (D)
  2 deep elf magi (D)
  A cyclops (D)
  A smoke demon (D)
  A gargoyle (D)
  A spiny frog (D)
  A komodo dragon (D)
  2 tormentors (D)
  A freezing wraith (D)
  A troll (D)
  A wandering mushroom (D)
  A hornet (D)
  A blink frog (D)
  A spriggan (D)
  A fire elemental (D)
  A vampire (D)
  A shadow (D)
  Eustachio (D)
  A water elemental (D)
  A wraith (D)
  A neqoxec (D)
  An insubstantial wisp (D)
  2 wargs (D)
  2 nagas (D)
  A hell hound (D)
  A water moccasin (D)
  An orc warrior (D)
  A black bear (D)
  An orc priest (D)
  An orc wizard (D)
  A worker ant (D)
  An adder simulacrum (D)
  3 orcs (D)
  A bat zombie (D)
  A goblin (D)
  A quokka skeleton (D)
  A rat (D)
125 creatures vanquished.

Vanquished Creatures (others)
  2 fire giants (D)
  A blink frog (D)
  A fire vortex (D)
4 creatures vanquished.

Grand Total: 535 creatures vanquished

Notes
Turn   | Place    | Note
-------+----------+-------------------------------------------
     0 | D        | wojtek the Minotaur Berserker began the quest for the Orb.
     0 | D        | Reached XP level 1. HP: 19/19 MP: 0/0
    97 | D        | Reached ** piety under Trog
    97 | D        | Reached XP level 2. HP: 17/27 MP: 1/1
   211 | D        | Reached skill level 5 in Axes
   237 | D        | Reached *** piety under Trog
   342 | D        | Noticed a bullfrog
   344 | D        | Reached **** piety under Trog
   347 | D        | Reached XP level 3. HP: 35/35 MP: 2/2
   350 | D        | Killed a bullfrog
   350 | D        | Reached skill level 5 in Fighting
   350 | D        | Reached skill level 5 in Armour
   350 | D        | Reached XP level 4. HP: 43/44 MP: 3/3
   351 | D        | Reached ***** piety under Trog
   357 | D        | Reached skill level 5 in Dodging
   374 | D        | Noticed Menkaure
   385 | D        | Killed Menkaure
   385 | D        | Reached XP level 5. HP: 11/52 MP: 4/4
   633 | D        | Noticed an ogre
   633 | D        | Noticed Edmund
   636 | D        | Killed Edmund
   636 | D        | Reached skill level 10 in Axes
   636 | D        | Reached XP level 6. HP: 61/61 MP: 5/5
   646 | D        | Reached ****** piety under Trog
   690 | D        | Noticed a spiny frog
   690 | D        | Noticed an orc knight
   690 | D        | Noticed an orc warrior
   690 | D        | Noticed an orc warrior
   691 | D        | Noticed an orc warrior
   697 | D        | Killed an orc warrior
   697 | D        | Received a gift from Trog
   697 | D        | Reached XP level 7. HP: 62/70 MP: 6/6
   698 | D        | Killed a spiny frog
   698 | D        | Reached skill level 10 in Fighting
   706 | D        | Killed an orc knight
   706 | D        | Reached skill level 10 in Armour
   706 | D        | Reached XP level 8. HP: 17/81 MP: 7/7
   729 | D        | Got a smoking battleaxe {god gift}
   730 | D        | Identified the +1 battleaxe of Oroif {chop, rPois Dex+4} (Trog gifted it to you in the Dungeon)
  1107 | D        | Noticed a gargoyle
  1112 | D        | Received a gift from Trog
  1112 | D        | Killed a gargoyle
  1112 | D        | Reached skill level 10 in Dodging
  1117 | D        | Noticed a deep elf mage
  1120 | D        | Reached skill level 15 in Axes
  1120 | D        | Reached XP level 9. HP: 77/89 MP: 8/8
  1122 | D        | Noticed a smoke demon
  1131 | D        | Killed a deep elf mage
  1172 | D        | Noticed a spiny frog
  1176 | D        | Killed a spiny frog
  1355 | D        | Noticed a hellwing
  1362 | D        | Killed a hellwing
  1418 | D        | Noticed a hellwing
  1435 | D        | Killed a hellwing
  1476 | D        | Noticed a polar bear
  1476 | D        | Noticed a phantasmal warrior
  1483 | D        | Killed a polar bear
  1492 | D        | Killed a phantasmal warrior
  1826 | D        | Noticed a merfolk
  1826 | D        | Noticed a freezing wraith
  1831 | D        | Killed a merfolk
  1831 | D        | Reached XP level 10. HP: 67/100 MP: 9/9
  1839 | D        | Received a gift from Trog
  2068 | D        | Noticed a cyclops
  2076 | D        | Killed a cyclops
  2191 | D        | Noticed a deep elf high priest
  2201 | D        | Killed a deep elf high priest
  2215 | D        | Noticed a spiny frog
  2216 | D        | Noticed Nergalle
  2216 | D        | Noticed a smoke demon
  2217 | D        | Noticed a death yak
  2218 | D        | Noticed Eustachio
  2222 | D        | Killed a spiny frog
  2224 | D        | Killed a smoke demon
  2224 | D        | Received a gift from Trog
  2226 | D        | Killed Nergalle
  2228 | D        | Killed a death yak
  2233 | D        | Killed Eustachio
  2390 | D        | Noticed a manticore
  2404 | D        | Killed a manticore
  2404 | D        | Received a gift from Trog
  2404 | D        | Reached XP level 11. HP: 70/111 MP: 3/10
  2629 | D        | Got the +9 hand axe "Worm" {venom, +Fly rF+ rC+}
  2747 | D        | Noticed an orc sorcerer
  2755 | D        | Killed an orc sorcerer
  2858 | D        | Noticed a death yak
  2865 | D        | Killed a death yak
  2866 | D        | Killed a ghost moth
  2878 | D        | Noticed an eidolon
  2888 | D        | Killed an eidolon
  2889 | D        | Received a gift from Trog
  2889 | D        | Reached skill level 15 in Fighting
  3075 | D        | Noticed an alligator
  3090 | D        | Killed an alligator
  3090 | D        | Reached skill level 15 in Armour
  3471 | D        | Noticed an orc knight
  3471 | D        | Noticed an orc knight
  3471 | D        | Noticed an orc knight
  3471 | D        | Noticed an orc knight
  3471 | D        | Noticed an orc knight
  3472 | D        | Noticed an orc warlord
  3472 | D        | Noticed an orc warlord
  3486 | D        | Killed an orc knight
  3491 | D        | Killed an orc warlord
  3492 | D        | Killed an orc knight
  3495 | D        | Killed an orc knight
  3506 | D        | Killed an orc knight
  3521 | D        | Noticed an orc knight
  3524 | D        | Noticed an orc knight
  3528 | D        | Killed an orc knight
  3534 | D        | Killed an orc knight
  3536 | D        | Received a gift from Trog
  3544 | D        | Killed an orc knight
  3545 | D        | Noticed a nagaraja
  3551 | D        | Killed an orc warlord
  3551 | D        | Reached XP level 12. HP: 75/122 MP: 3/11
  3552 | D        | Noticed a centaur warrior
  3552 | D        | Noticed a naga warrior
  3553 | D        | Killed a nagaraja
  3555 | D        | Noticed a vampire mage
  3555 | D        | Noticed an orc warlord
  3557 | D        | Noticed a blizzard demon
  3558 | D        | Killed a naga warrior
  3558 | D        | Reached skill level 15 in Dodging
  3614 | D        | Killed a centaur warrior
  3617 | D        | HP: 9/186 [orc warlord/great sword of slicing (4)]
  3619 | D        | Killed an orc warlord
  4057 | D        | Killed a blizzard demon
  4391 | D        | Received a gift from Trog
  4579 | D        | Noticed a vault guard
  4581 | D        | Killed a vault guard
  4660 | D        | Noticed a naga warrior
  4690 | D        | Killed a vampire mage
  4692 | D        | Killed a naga warrior
  4923 | D        | Received a gift from Trog
  4961 | D        | Noticed a vault guard
  4969 | D        | Killed a vault guard
  5028 | D        | Noticed a vault guard
  5034 | D        | Killed a vault guard
  5209 | D        | Found the -2 hat of the Alchemist {rElec rPois rF+ rC+ rN+ MR+ rMut rCorr}
  5446 | D        | Noticed an orc high priest
  5446 | D        | Killed an orc high priest
  5448 | D        | Reached XP level 13. HP: 134/134 MP: 4/12
  5465 | D        | Received a gift from Trog
  5467 | D        | Noticed an emperor scorpion
  5470 | D        | Killed an emperor scorpion
  5476 | D        | Noticed a deep elf master archer
  5479 | D        | Killed a deep elf master archer
  5480 | D        | Noticed Azrael
  5489 | D        | Killed Azrael
  5490 | D        | Received a gift from Trog
  5517 | D        | Received a gift from Trog
  5882 | D        | Noticed a blizzard demon
  5884 | D        | Noticed a lich
  5886 | D        | Killed a blizzard demon
  5887 | D        | Received a gift from Trog
  5892 | D        | Killed a lich
  5893 | D        | Noticed an ancient lich
  5897 | D        | Killed an ancient lich
  5897 | D        | Received a gift from Trog
  5907 | D        | Noticed an ancient lich
  5912 | D        | Killed an ancient lich
  5917 | D        | Noticed a black draconian
  5922 | D        | Killed a black draconian
  5926 | D        | Noticed a reaper
  5927 | D        | Noticed a lich
  5935 | D        | Killed a lich
  5935 | D        | Received a gift from Trog
  5935 | D        | Reached XP level 14. HP: 86/147 MP: 4/13
  6118 | D        | Noticed a white draconian shifter
  6120 | D        | Noticed a sphinx
  6121 | D        | Noticed a deep elf master archer
  6121 | D        | Paralysed by a sphinx for 2 turns
  6127 | D        | Received a gift from Trog
  6130 | D        | Killed a sphinx
  6131 | D        | Killed a deep elf master archer
  6132 | D        | Noticed a lich
  6138 | D        | Killed a lich
  6138 | D        | Received a gift from Trog
  6140 | D        | Reached skill level 27 in Axes
  6143 | D        | Killed a white draconian shifter
  6267 | D        | Noticed a yellow draconian knight
  6282 | D        | Killed a yellow draconian knight
  6299 | D        | Noticed a black draconian annihilator
  6307 | D        | Killed a black draconian annihilator
  6307 | D        | Received a gift from Trog
  6349 | D        | Noticed a curse toe
  6350 | D        | Noticed a sphinx
  6361 | D        | Killed a curse toe
  6363 | D        | Killed a sphinx
  6363 | D        | Received a gift from Trog
  6536 | D        | Received a gift from Trog
  6536 | D        | Received a gift from Trog
  6536 | D        | Received a gift from Trog
  6536 | D        | Received a gift from Trog
  6536 | D        | Received a gift from Trog
  6537 | D        | Found the +8 frozen axe "Frostbite" {freezing cloud, *Noise +Fly rC+}
  6564 | D        | Got the ring of Azxeif {Fire rElec rN++ Str-2}
  6570 | D        | Got the ring of Mulat {Ice *Slow rElec Int+5 SInv}
  6572 | D        | Got the ring "Lebrulowk" {rPois MR+ Dex+2}
  6574 | D        | Got the ring of Wuwirak {rElec rN+ Stlth+}
  6576 | D        | Got the ring "Baomnenn" {*Drain MR+ Str+4 Dex+7}
  6578 | D        | Got the ring of Roix {rF+ Dex+9 SInv}
  6580 | D        | Got the ring of Vithref {rElec MR+ Str+4}
  6582 | D        | Got the ring "Zarito" {*Corrode rN++ MP+9 Str+6 Int-5}
  6584 | D        | Got the ring of Dekkuscha {rN+ MP+9 Int+2}
  6606 | D        | Got the ring "Otideap" {+Blink Str+6 Int+3 Stlth+}
  6608 | D        | Got the ring "Keco" {*Slow rElec EV+6 Int+4}
  6610 | D        | Got the ring "Seuxza" {Fire *Corrode Int+9 SInv Stlth-}
  6625 | D        | Got the amulet of the Twelve Emperors {RegenMP Int+3}
  6627 | D        | Got the amulet "Jaco Gerph" {Spirit Str+3 Dex+3}
  6641 | D        | Got the amulet "Noreap" {Gourm rElec rF- SInv Stlth+}
  6648 | D        | Got the ring of Ruttavon {rElec Slay+5}
  6665 | D        | Got the amulet "Pewatan" {rF+ Regen+ Str-2 Int+9}
  6829 | D        | Noticed a death cob
  6838 | D        | Killed a death cob
  6839 | D        | Received a gift from Trog
  6916 | D        | Noticed a bone dragon
  7014 | D        | Noticed a death cob
  7019 | D        | Noticed a daeva
  7024 | D        | Killed a death cob
  7027 | D        | Killed a bone dragon
  7027 | D        | Received a gift from Trog
  7034 | D        | Killed a daeva
  7036 | D        | Noticed an emperor scorpion
  7039 | D        | Killed an emperor scorpion
  7039 | D        | Received a gift from Trog
  7039 | D        | Reached XP level 15. HP: 88/162 MP: 14/14
  7044 | D        | Noticed a frost giant
  7048 | D        | Killed a frost giant
  7180 | D        | Received a gift from Trog
  7190 | D        | Noticed a frost giant
  7203 | D        | Killed a frost giant
  7210 | D        | Received a gift from Trog
  7279 | D        | Received a gift from Trog
  7299 | D        | Noticed a titan
  7310 | D        | Killed a titan
  7322 | D        | Noticed a Brimstone Fiend
  7327 | D        | Received a gift from Trog
  7336 | D        | Noticed a shadow dragon
  7336 | D        | Killed a Brimstone Fiend
  7347 | D        | Killed a shadow dragon
  7483 | D        | Noticed a fire giant
  7491 | D        | Killed a fire giant
  7608 | D        | Noticed a lich
  7609 | D        | Noticed a lich
  7609 | D        | Received a gift from Trog
  7610 | D        | Noticed a bone dragon
  7610 | D        | Noticed a lich
  7704 | D        | Killed a lich
  7724 | D        | Received a gift from Trog
  7807 | D        | Noticed a Tzitzimitl
  7810 | D        | Killed a lich
  7825 | D        | Received a gift from Trog
  7837 | D        | Killed a lich
  7864 | D        | Received a gift from Trog
  7905 | D        | Received a gift from Trog
  7990 | D        | Received a gift from Trog
  8023 | D        | Received a gift from Trog
  8023 | D        | Reached XP level 16. HP: 179/180 MP: 15/15
  8066 | D        | Received a gift from Trog
  8113 | D        | Received a gift from Trog
  8207 | D        | Killed a bone dragon
  8231 | D        | Received a gift from Trog
  8240 | D        | Got a silver rune of Zot
  8264 | D        | Got the ring "Vutal" {rC+ rN+}
  8356 | D        | Noticed Diraed the pandemonium lord
  8367 | D        | Killed Diraed the pandemonium lord
  8367 | D        | Reached skill level 27 in Fighting
  8492 | D        | Reached skill level 27 in Armour
  8495 | D        | Noticed a Hell Sentinel
  8502 | D        | Killed a Hell Sentinel
  8573 | D        | Noticed an electric golem
  8581 | D        | Killed an electric golem
  8618 | D        | Noticed a titan
  8623 | D        | Killed a titan
  8707 | D        | Received a gift from Trog
  8716 | D        | Noticed a Brimstone Fiend
  8716 | D        | Noticed a greater mummy
  8719 | D        | Reached skill level 27 in Dodging
  8728 | D        | Killed a greater mummy
  8728 | D        | Reached skill level 5 in Throwing
  8733 | D        | Reached skill level 5 in Stealth
  8733 | D        | Reached skill level 5 in Evocations
  8736 | D        | Killed a Brimstone Fiend
  8736 | D        | Received a gift from Trog
  8845 | D        | Noticed a pearl dragon
  8851 | D        | Killed a pearl dragon
  8873 | D        | Noticed a Hell Sentinel
  8878 | D        | Killed a Hell Sentinel
  8878 | D        | Received a gift from Trog
  8982 | D        | Noticed an orb of fire
  8982 | D        | Gained mutation: You expend magic power (3 MP) to strengthen your wands. [an orb of fire]
  8993 | D        | Killed an orb of fire
  8993 | D        | Reached skill level 10 in Throwing
  9034 | D        | Noticed a greater mummy
  9042 | D        | Killed a greater mummy
  9042 | D        | Reached skill level 10 in Stealth
  9042 | D        | Reached skill level 10 in Evocations
  9155 | D        | Received a gift from Trog
  9155 | D        | Reached XP level 17. HP: 191/191 MP: 22/24
  9191 | D        | Noticed a titan
  9191 | D        | Noticed a titan
  9222 | D        | Noticed a titan
  9222 | D        | Received a gift from Trog
  9236 | D        | Received a gift from Trog
  9278 | D        | Killed a titan
  9284 | D        | Killed a titan
  9285 | D        | Received a gift from Trog
  9295 | D        | Got an encrusted battleaxe {god gift}
  9413 | D        | Killed a titan
  9467 | D        | Received a gift from Trog
  9548 | D        | Reached skill level 15 in Throwing
  9577 | D        | Noticed a titan
  9587 | D        | Killed a titan
  9587 | D        | Received a gift from Trog
  9646 | D        | Identified the +2 battleaxe "Dragonbane" {freeze, +Blink rN++ Str+4} (Trog gifted it to you in the Dungeon)
  9664 | D        | Received a gift from Trog
  9666 | D        | Noticed a titan
  9672 | D        | Noticed a titan
  9675 | D        | Killed a titan
  9675 | D        | Received a gift from Trog
  9676 | D        | Noticed a titan
  9679 | D        | Killed a titan
  9679 | D        | Reached skill level 15 in Stealth
  9679 | D        | Reached skill level 15 in Evocations
  9681 | D        | Noticed a titan
  9685 | D        | Received a gift from Trog
  9690 | D        | Killed a titan
  9768 | D        | Received a gift from Trog
  9772 | D        | Killed a titan
  9888 | D        | Received a gift from Trog
  9890 | D        | Noticed a titan
  9897 | D        | Received a gift from Trog
  9911 | D        | Killed a titan
  9917 | D        | Received a gift from Trog
  9918 | D        | Received a gift from Trog
 10027 | D        | Noticed a titan
 10033 | D        | Killed a titan
 10033 | D        | Received a gift from Trog
 10041 | D        | Noticed a titan
 10063 | D        | Killed a titan
 10063 | D        | Reached XP level 18. HP: 166/200 MP: 29/29
 10081 | D        | Received a gift from Trog
 10084 | D        | Received a gift from Trog
 10174 | D        | Received a gift from Trog
 10197 | D        | Received a gift from Trog
 10199 | D        | Received a gift from Trog
 10202 | D        | Received a gift from Trog
 10259 | D        | Received a gift from Trog
 10374 | D        | Received a gift from Trog
 10379 | D        | Received a gift from Trog
 10389 | D        | Got a golden rune of Zot
 10549 | D        | Noticed a Hell Sentinel
 10556 | D        | Killed a Hell Sentinel
 10556 | D        | Received a gift from Trog
 10624 | D        | Noticed an orb of fire
 10632 | D        | Killed an orb of fire
 10721 | D        | Noticed a hellephant
 10737 | D        | Killed a hellephant
 10775 | D        | Noticed a golden dragon
 10781 | D        | Killed a golden dragon
 10781 | D        | Received a gift from Trog
 10830 | D        | Noticed Esmuuf the pandemonium lord
 10833 | D        | Noticed an Ice Fiend
 10838 | D        | Killed Esmuuf the pandemonium lord
 10997 | D        | Noticed the Serpent of Hell
 11004 | D        | Killed the Serpent of Hell
 11004 | D        | Received a gift from Trog
 11053 | D        | Noticed an orb of fire
 11057 | D        | Killed an orb of fire
 11060 | D        | Reached XP level 19. HP: 207/207 MP: 31/33
 11097 | D        | Noticed an orb of fire
 11097 | D        | Gained mutation: Your body sometimes deteriorates upon taking damage. [an orb of fire]
 11099 | D        | Noticed a profane servitor
 11104 | D        | Gained mutation: You are dopey. (Int -2) [an orb of fire]
 11110 | D        | Killed an orb of fire
 11110 | D        | Received a gift from Trog
 11113 | D        | Killed a profane servitor
 11165 | D        | Noticed a Killer Klown
 11171 | D        | Killed a Killer Klown
 11177 | D        | Noticed Geryon
 11178 | D        | Noticed Dihuss the pandemonium lord
 11193 | D        | Killed Dihuss the pandemonium lord
 11194 | D        | Noticed a pearl dragon
 11199 | D        | Killed a pearl dragon
 11199 | D        | Received a gift from Trog
 11214 | D        | Killed Geryon
 11257 | D        | Noticed Cerebov
 11283 | D        | Noticed Mara
 11283 | D        | Noticed an electric golem
 11284 | D        | Killed Cerebov
 11284 | D        | Received a gift from Trog
 11289 | D        | Noticed wojtek's illusion
 11312 | D        | Killed an electric golem
 11493 | D        | Noticed Hallyl the pandemonium lord
 11502 | D        | Killed Hallyl the pandemonium lord
 11502 | D        | Reached skill level 27 in Throwing
 11505 | D        | Noticed Murray
 11508 | D        | Noticed a pearl dragon
 11509 | D        | Noticed an ancient lich
 11669 | D        | Noticed a Tzitzimitl
 11683 | D        | Killed a Tzitzimitl
 12000 | D        | Noticed wojtek's illusion
 12012 | D        | Killed an ancient lich
 12014 | D        | Received a gift from Trog
 12019 | D        | Noticed an electric golem
 12026 | D        | Killed an electric golem
 12033 | D        | Noticed a golden dragon
 12087 | D        | Killed Mara
 12087 | D        | Received a gift from Trog
 12087 | D        | Reached skill level 27 in Stealth
 12087 | D        | Reached skill level 27 in Evocations
 12087 | D        | Reached XP level 20. HP: 95/216 MP: 36/36
 12095 | D        | Killed a golden dragon
 12254 | D        | Received a gift from Trog
 12255 | D        | Received a gift from Trog
 12274 | D        | Killed Murray
 12274 | D        | Killed a pearl dragon
 12274 | D        | Received a gift from Trog
 12274 | D        | Reached skill level 15 in Unarmed Combat
 12512 | D        | Noticed Mennas
 12532 | D        | Noticed an ancient lich
 12541 | D        | Killed Mennas
 12543 | D        | Killed an ancient lich
 12543 | D        | Received a gift from Trog
 12644 | D        | Noticed a Killer Klown
 12653 | D        | Killed a Killer Klown
 12698 | D        | Got an iron rune of Zot
 12804 | D        | Received a gift from Trog
 12807 | D        | Received a gift from Trog
 12961 | D        | Noticed a Killer Klown
 12973 | D        | Killed a Killer Klown
 13080 | D        | Received a gift from Trog
 13080 | D        | Reached skill level 27 in Unarmed Combat
 13093 | D        | Noticed an ancient lich
 13094 | D        | Noticed a curse toe
 13095 | D        | Received a gift from Trog
 13117 | D        | Paralysed by an ancient lich for 2 turns
 13123 | D        | Paralysed by an ancient lich for 4 turns
 13124 | D        | Killed an ancient lich
 13124 | D        | Received a gift from Trog
 13309 | D        | Killed a curse toe
 13309 | D        | Received a gift from Trog
 13458 | D        | Received a gift from Trog
 13566 | D        | Noticed Frederick
 13580 | D        | Killed Frederick
 13580 | D        | Received a gift from Trog
 13768 | D        | Noticed Louise
 13795 | D        | Killed Louise
 13795 | D        | Received a gift from Trog
 13858 | D        | Reached XP level 21. HP: 197/224 MP: 12/37
 13860 | D        | Noticed a golden dragon
 13866 | D        | Noticed a curse toe
 13868 | D        | Killed a golden dragon
 13868 | D        | Received a gift from Trog
 13874 | D        | Received a gift from Trog
 13875 | D        | Killed a curse toe
 13876 | D        | Received a gift from Trog
 13877 | D        | Noticed Margery
 13892 | D        | Received a gift from Trog
 13894 | D        | Received a gift from Trog
 13900 | D        | Received a gift from Trog
 13910 | D        | Killed Margery
 13917 | D        | Got a transparent battleaxe {god gift}
 13931 | D        | Received a gift from Trog
 14099 | D        | Identified the +8 battleaxe of Trog's Scorn {freeze, rC+ Int+4 Dex+4} (Trog gifted it to you in the Dungeon)
 14272 | D        | Noticed Xtahua
 14273 | D        | Noticed Boris
 14296 | D        | Killed Boris
 14296 | D        | Received a gift from Trog
 14306 | D        | Killed Xtahua
 14319 | D        | Noticed an orb of fire
 14319 | D        | Received a gift from Trog
 14330 | D        | Noticed Ereshkigal
 14331 | D        | Killed an orb of fire
 14331 | D        | Received a gift from Trog
 14359 | D        | Killed Ereshkigal
 14673 | D        | Noticed a Killer Klown
 14675 | D        | Received a gift from Trog
 14687 | D        | Received a gift from Trog
 14692 | D        | Killed a Killer Klown
 14753 | D        | Noticed Xozuun Koab the pandemonium lord
 14768 | D        | Killed Xozuun Koab the pandemonium lord
 14827 | D        | Noticed Gimoo the pandemonium lord
 14835 | D        | Killed Gimoo the pandemonium lord
 14835 | D        | Received a gift from Trog
 14887 | D        | Noticed Zoffinax the pandemonium lord
 14888 | D        | Noticed an orb of fire
 14903 | D        | Killed an orb of fire
 14906 | D        | Killed Zoffinax the pandemonium lord
 14924 | D        | Received a gift from Trog
 14924 | D        | Reached XP level 22. HP: 165/233 MP: 12/38
 14925 | D        | Received a gift from Trog
 15089 | D        | Received a gift from Trog
 15126 | D        | Got the Orb of Zot
 15213 | D        | Received a gift from Trog
 15222 | D        | Escaped with the Orb!

Skill      XL: |  1  2  3  4  5  6  7  8  9 10 11 12 13 14 15 16 17 18 19 20 |
---------------+-------------------------------------------------------------+-----
Axes           | 4 5 7 9 10 12 14 15 16 19 21 23 26 27 | 27.0
Fighting       | 4 5 7 8 9 10 11 12 14 16 17 19 22 26 27 | 27.0
Armour         | 3 4 5 6 7 8 10 11 12 14 16 17 19 22 26 27 | 27.0
Dodging        | 3 4 6 7 9 10 11 13 14 16 18 21 24 27 | 27.0
Throwing       | 11 19 24 27 | 27.0
Stealth        | 10 17 22 27 | 27.0
Evocations     | 10 17 22 27 | 27.0
Unarmed Combat | 2 27 | 27.0

Action                   |  1- 3 |  4- 6 |  7- 9 | 10-12 | 13-15 | 16-18 | 19-21 | 22-24 || total
-------------------------+-------+-------+-------+-------+-------+-------+-------+-------++-------
Melee: Hand axe          |    32 |    32 |    18 |       |       |       |       |       ||    82
       Headbutt          |       |     5 |    20 |    46 |    77 |   152 |   185 |    14 ||   499
       Battleaxe         |       |       |    48 |    40 |       |   133 |       |       ||   221
       Executioner's axe |       |       |       |   163 |   276 |   247 |   530 |    31 ||  1247
Invok: Berserk           |       |     2 |     1 |     2 |     2 |     6 |     8 |       ||    21
       Brothers in Arms  |       |       |     2 |    18 |    16 |    15 |    22 |       ||    73
       Burn Spellbooks   |       |       |       |       |     2 |     3 |       |       ||     5
Evoke: Wand              |       |       |       |       |       |       |     6 |       ||     6
  Use: Scroll            |       |       |       |     6 |     1 |       |     5 |       ||    12
       Potion            |       |       |       |     1 |     2 |     3 |     8 |     1 ||    15
 Stab: Distracted        |       |       |       |       |     2 |     3 |     4 |       ||     9
  Eat: Chunk             |       |       |     4 |    11 |     2 |     8 |    13 |     1 ||    39
       Ration            |       |       |     1 |     3 |     4 |     3 |     5 |     1 ||    17
Armor: Animal skin       |     3 |       |       |       |       |       |       |       ||     3
       Scale mail        |     5 |     1 |       |       |       |       |       |       ||     6
       Chain mail        |       |       |    34 |    62 |       |       |       |       ||    96
       Gold dragon scale |       |       |       |       |   120 |   112 |   267 |    18 ||   517
Dodge: Dodged            |    20 |    11 |    49 |   102 |   150 |   201 |   402 |    35 ||   970
